 Dungeon Crawl Stone Soup version 0.22.1-1-ga44c0e56f4 (webtiles) character file.

5693 Riddle the Covert (level 10, -2/44 HPs)
             Began as a Spriggan Earth Elementalist on Oct 5, 2018.
             Was a Follower of Fedhas.
             Killed from afar by a raiju (8 damage)
             ... with a living lightning
             ... on level 2 of the Abyss.
             The game lasted 00:41:01 (13073 turns).

Riddle the Covert (Spriggan Earth Elementalist)    Turns: 13073, Time: 00:41:02

Health: -2/44      AC:  8    Str:  4    XL:     10   Next: 47%
Magic:  18/23      EV: 25    Int: 23    God:    Fedhas [*.....]
Gold:   455        SH:  5    Dex: 18    Spells: 18/25 levels left

rFire    . . .     SeeInvis +   E - +2 rapier (venom)
rCold    . . .     Gourm    .   (shield restricted)
rNeg     . . .     Faith    .   J - +0 steam dragon scales
rPois    .         Spirit   .   (helmet restricted)
rElec    .         Reflect  +   u - +2 cloak
rCorr    +         Harm     .   (gloves unavailable)
MR       +....                  (boots unavailable)
Stlth    ++++......             y - +5 amulet of reflection
HPRegen  0.14/turn              m - +4 ring of intelligence
MPRegen  0.18/turn              D - ring of resist corrosion

@: drained, very quick
A: very small, unfitting armour, see invisible, herbivore, speed 3, slow
metabolism 2
a: Fungal Bloom, Sunlight, Renounce Religion


You were on level 2 of the Abyss.
You worshipped Fedhas.
Fedhas was aware of your devotion.
You were not hungry.

You visited 3 branches of the dungeon, and saw 10 of its levels.
You visited the Abyss 1 time.

You collected 578 gold pieces.
You paid 123 gold pieces to Gozag.

Inventory:

Hand Weapons
 E - a +2 rapier of venom (weapon)
 H - the +1 spear "Rycomini" {pierce, +Fly rElec rPois rC-}
   (You took it off a big kobold on level 8 of the Dungeon)

   It inflicts extra damage upon your enemies.
   It makes you vulnerable to cold.
   It insulates you from electricity.
   It protects you from poison.
   It lets you fly.
Missiles
 b - 36 stones (quivered)
 B - 2 throwing nets
Armour
 u - a +2 cloak (worn)
 J - +0 steam dragon scales (worn)
Jewellery
 m - a +4 ring of intelligence (left hand)
 n - an uncursed ring of stealth
 y - a +5 amulet of reflection (around neck)
 D - a ring of resist corrosion (right hand)
Wands
 c - a wand of flame (28)
 s - a wand of iceblast (11)
 z - a wand of polymorph (10)
 F - a wand of paralysis (11)
Scrolls
 f - a scroll of identify
 g - 3 scrolls of enchant armour
 k - 8 scrolls of remove curse
 l - 3 scrolls of teleportation {unknown}
 p - a scroll of noise {unknown}
 r - a scroll of fog {unknown}
 v - 2 scrolls of magic mapping {unknown}
 C - a scroll of amnesia {unknown}
Potions
 a - 3 potions of berserk rage {unknown}
 e - a potion of might {unknown}
 h - 5 potions of haste {unknown}
 i - a potion of agility {unknown}
 j - 3 potions of flight {unknown}
 o - 3 potions of degeneration {unknown}
 q - 3 potions of curing {unknown}
 t - 2 potions of lignification {unknown}
 w - a potion of heal wounds {unknown}
 x - a potion of resistance {unknown}
 A - 3 potions of cancellation {unknown}
 G - a potion of invisibility {unknown}
 I - a potion of ambrosia {unknown}
Comestibles
 d - 9 rations


   Skills:
 - Level 6.3(5.4) Short Blades
 + Level 9.7(8.7) Dodging
 + Level 10.6(9.5) Stealth
 + Level 8.3(7.3) Spellcasting
 + Level 8.4(7.4) Transmutations
 + Level 6.6(5.7) Earth Magic


You had 18 spell levels left.
You knew the following spells:

 Your Spells              Type           Power        Failure   Level  Hunger
a - Sandblast             Erth           ####..       1%          1    None
b - Passwall              Tmut/Erth      #####...     1%          2    None
c - Petrify               Tmut/Erth      #####...     4%          4    ###....

Your spell library contained the following spells:

 Spells                   Type           Power        Failure   Level  Hunger
 Stone Arrow              Conj/Erth      ###...       7%          3    None
 Lee's Rapid Deconstruct  Erth           ####......   21%         5    #####..


Dungeon Overview and Level Annotations

Branches:
Dungeon (8/15)             Temple (1/1) D:7            Lair (1/6) D:8

Altars:
Ashenzari
Cheibriados
Dithmenos
Elyvilon
Fedhas
Gozag
Hepliaklqana
Kikubaaqudgha
Makhleb
Nemelex Xobeh
Okawaru
Qazlal
Ru
Sif Muna
Trog
Uskayaw
Vehumet
Wu Jian
Xom
Yredelemnul
Zin
The Shining One

Shops:
D:4 *

Annotations:
D:8 Nergalle


Innate Abilities, Weirdness & Mutations

You are very small and have problems with some larger weapons.
You are too small for most types of armour.
You have supernaturally acute eyesight. (SInv)
You are a herbivore.
You cover ground extremely quickly.
You need to consume almost no food.


Message History

You feel yourself growing ill in the presence of the ancient zyme.
The raiju barks!
The raiju bursts into living lightning!
The living lightning hits you!
* * * LOW HITPOINT WARNING * * *
The raiju blinks!
The raiju barks!
Casting: Sandblast (safe; 1% risk of failure)
Confirm with . or Enter, or press ? or * to list all spells.
Aiming: Passwall (safe; 1% risk of failure)
Press: ? - help, Dir - move target cursor, p - small abomination A rock wall.
You begin to meditate on the wall.
You continue meditating on the rock.
The raiju closely misses you.
The small abomination closely misses you.
You continue meditating on the rock.
The raiju bursts into living lightning!
The living lightning hits you!
You die...
Fedhas appreciates your contribution to the ecosystem.

. # . . # # h#### . #
..## #..# .# #. . #
x# ##h.# . # # #@..##
#. # .
#..##x#..#.##..# # ..
#h#..#.. . #. .
#.#.#x##ยง....#..##.#
#.x.....#.#.#... # .
# ##.. ###..... . #.
#.#.X#.##.##.......
.###X#..# .# ...
#######x## ...#


You could see 2 starcursed masses, a worldbinder (wandering), 2 raiju and a
small abomination.

Vanquished Creatures
  Pikel (D:5)
  Psyche (D:8)
  The ghost of Zarkath the Archer, an amateur CeHu of Okawaru (D:5)
  A hornet (D:7)
  Prince Ribbit (D:5)
  A hippogriff (D:7)
  Sigmund (D:3)
  Eustachio (D:4)
  A steam dragon (D:8)
  Edmund (D:6)
  Menkaure (D:6)
  2 wargs
  3 water moccasins (D:8)
  2 orc warriors
  A porcupine (D:8)
  A necrophage (D:7)
  4 slaves
  4 ogres
  A spectral wyvern (D:5)
  2 big kobolds
  7 bullfrogs
  2 small abominations (Abyss:2)
  2 scorpions
  6 killer bees
  An electric eel (D:7)
  A crimson imp (D:8)
  2 bullfrog zombies
  2 hounds
  6 orc wizards
  4 orc priests
  Crazy Yiuf (D:2)
  A bullfrog skeleton (D:7)
  A centaur skeleton (D:2)
  2 iguanas (D:4)
  4 worker ants
  2 killer bee zombies (D:6)
  2 hound skeletons
  4 gnolls
  A worker ant zombie (D:6)
  12 adders
  A howler monkey skeleton (D:3)
  2 shadow imps
  2 adder zombies
  2 adder skeletons
  3 worms
  A leopard gecko (D:6)
  25 orcs
  6 bats
  6 giant cockroaches
  6 goblins
  9 hobgoblins
  4 quokkas
  2 ball pythons
  6 frilled lizards
  15 kobolds
  3 quokka skeletons
  6 rats
193 creatures vanquished.

Notes
Turn   | Place    | Note
-------+----------+-------------------------------------------
     0 | D:1      | Riddle the Spriggan Earth Elementalist began the quest for
                  | the Orb.
     0 | D:1      | Reached XP level 1. HP: 9/9 MP: 5/5
   361 | D:1      | Reached XP level 2. HP: 13/13 MP: 1/7
   365 | D:1      | Learned a level 2 spell: Passwall
  1840 | D:2      | Reached XP level 3. HP: 16/16 MP: 4/8
  2226 | D:2      | Reached skill level 1 in Short Blades
  2226 | D:2      | Reached skill level 4 in Stealth
  2226 | D:2      | Reached XP level 4. HP: 11/21 MP: 6/10
  2371 | D:2      | Learned a level 4 spell: Petrify
  3133 | D:2      | Found a runed door.
  3137 | D:2      | Noticed Crazy Yiuf
  3141 | D:2      | Killed Crazy Yiuf
  3220 | D:3      | Noticed Sigmund
  3226 | D:3      | Killed Sigmund
  3226 | D:3      | Reached XP level 5. HP: 24/24 MP: 10/12
  3226 | D:3      | Reached XP level 6. HP: 28/28 MP: 10/13
  3451 | D:3      | Reached skill level 5 in Stealth
  3751 | D:3      | Reached skill level 5 in Dodging
  4374 | D:4      | Noticed Eustachio
  4464 | D:4      | Killed Eustachio
  4464 | D:4      | Reached XP level 7. HP: 25/32 MP: 11/14
  4627 | D:4      | Found Naxt's Assorted Antiques.
  5073 | D:5      | Entered Level 5 of the Dungeon
  5075 | D:5      | Noticed Pikel
  5596 | D:5      | Noticed Prince Ribbit
  5853 | D:5      | Killed Prince Ribbit
  5853 | D:5      | Reached skill level 6 in Stealth
  5853 | D:5      | Reached skill level 5 in Spellcasting
  5950 | D:5      | Killed Pikel
  5950 | D:5      | Reached skill level 7 in Stealth
  5950 | D:5      | Reached skill level 5 in Transmutations
  5950 | D:5      | Reached XP level 8. HP: 36/36 MP: 10/17
  6317 | D:6      | Found a runed gate.
  6317 | D:6      | Found a runed gate.
  6317 | D:6      | Found a runed gate.
  6318 | D:6      | Noticed Zarkath's ghost (amateur CeHu)
  6426 | D:6      | Reached skill level 5 in Earth Magic
  6503 | D:6      | Found a sacrificial altar of Ru.
  6722 | D:6      | Noticed Menkaure
  6726 | D:6      | Killed Menkaure
  6726 | D:6      | Reached skill level 8 in Stealth
  6834 | D:6      | Noticed Edmund
  6881 | D:6      | Killed Edmund
  6881 | D:6      | Reached skill level 5 in Short Blades
  6881 | D:6      | Reached XP level 9. HP: 39/39 MP: 12/19
  7491 | D:5      | Killed Zarkath's ghost
  7877 | D:7      | Found a staircase to the Ecumenical Temple.
  7885 | Temple   | Entered the Ecumenical Temple
  8193 | Temple   | Became a worshipper of Gozag Ym Sagoz the Greedy
  8568 | D:7      | Reached skill level 9 in Stealth
  8864 | Temple   | Fell from the grace of Gozag
  8864 | Temple   | Became a worshipper of Fedhas Madash
  9781 | D:8      | Noticed Psyche
 10056 | D:8      | Killed Psyche
 10056 | D:8      | Reached XP level 10. HP: 11/44 MP: 13/22
 10073 | D:8      | Found a snail-covered altar of Cheibriados.
 10558 | D:8      | Found a staircase to the Lair.
 10699 | D:8      | Got a smoking spear {pierce}
 10703 | D:8      | Identified the cursed +1 spear "Rycomini" {pierce, +Fly
                  | rElec rPois rC-} (You took it off a big kobold on level 8
                  | of the Dungeon)
 10935 | D:8      | Reached * piety under Fedhas
 10963 | D:8      | Reached skill level 10 in Stealth
 10974 | Lair:1   | Entered Level 1 of the Lair of Beasts
 10979 | Lair:1   | Noticed Nergalle
 12753 | D:8      | Cast into level 2 of the Abyss (Nergalle)
 12842 | Abyss:2  | Noticed a worldbinder
 12863 | Abyss:2  | Noticed a spiny frog
 12971 | Abyss:2  | Noticed a spatial maelstrom
 13008 | Abyss:2  | Noticed a starcursed mass
 13015 | Abyss:2  | Noticed a worldbinder
 13027 | Abyss:2  | Noticed a smoke demon
 13073 | Abyss:2  | Killed from afar by a raiju

Skill      XL: |  1  2  3  4  5  6  7  8  9 10 |
---------------+-------------------------------+-----
Spellcasting   | 3 4 5 6 7 8 |  8.3
Earth Magic    | 3 4 5 6 |  6.6
Short Blades   | 1 2 4 5 6 |  6.3
Dodging        | 4 5 6 7 9 |  9.7
Stealth        | 4 5 7 8 9 10 | 10.6
Transmutations | 2 3 5 6 7 8 |  8.4

Action                   |  1- 3 |  4- 6 |  7- 9 | 10-12 || total
-------------------------+-------+-------+-------+-------++-------
Melee: Unarmed           |   184 |       |       |       ||   184
       Dagger            |    40 |    87 |       |       ||   127
       Rapier            |       |       |   251 |    95 ||   346
       Spear             |       |       |       |    17 ||    17
 Cast: Sandblast         |    14 |     5 |   106 |    86 ||   211
       Passwall          |       |       |       |     3 ||     3
       Petrify           |       |       |       |     1 ||     1
Invok: Potion Petition   |       |       |     1 |       ||     1
       Sunlight          |       |       |       |     2 ||     2
  Use: Scroll            |       |     3 |     2 |     2 ||     7
 Stab: Sleeping          |     7 |    18 |    16 |       ||    41
       Distracted        |       |     1 |       |     4 ||     5
       Invisible         |       |       |     1 |       ||     1
  Eat: Ration            |       |       |     3 |     2 ||     5
Armor: Robe              |    33 |     7 |    17 |     3 ||    60
       Steam dragon scal |       |       |       |    12 ||    12
Dodge: Dodged            |   247 |    48 |   239 |   185 ||   719
Block: Other             |       |       |    39 |    37 ||    76
       Reflection        |       |       |     5 |     2 ||     7
